 Dungeon Crawl Stone Soup version 0.22-b1-21-g5cfc168 (webtiles) character file.

226 letownia2 the Ruffian (level 5, 0/41 HPs)
             Began as a Demonspawn Fighter on Aug 3, 2018.
             Was an Initiate of Cheibriados.
             Killed by divine providence
             ... invoked by an orc priest
              (11 damage)
             ... on level 5 of the Dungeon.
             The game lasted 00:07:35 (1291 turns).

letownia2 the Ruffian (Demonspawn Fighter)          Turns: 1291, Time: 00:07:36

Health: 0/41       AC:  8    Str: 18    XL:     5   Next: 69%
Magic:  5/5        EV:  9    Int: 10    God:    Cheibriados [......]
Gold:   130        SH:  0    Dex: 14    Spells: 4/4 levels left

rFire    . . .     SeeInvis .     - Unarmed
rCold    . . .     Gourm    .   (no shield)
rNeg     . . .     Faith    .   a - +0 scale mail
rPois    .         Spirit   .   q - +0 helmet
rElec    .         Reflect  .   (no cloak)
rCorr    .         Harm     .   (no gloves)
MR       .....                  m - +0 pair of boots
Stlth    ..........             (no amulet)
HPRegen  0.13/turn              (no ring)
MPRegen  0.09/turn              (no ring)

@: very slow
A: claws 1, hooves 1
a: Bend Time, Renounce Religion


You were on level 5 of the Dungeon.
You worshipped Cheibriados.
Cheibriados was noncommittal.
You were not hungry.

You visited 2 branches of the dungeon, and saw 7 of its levels.

You collected 130 gold pieces.

Inventory:

Hand Weapons
 k - a +0 hunting sling
 r - a +0 mace of draining
Armour
 a - a +0 scale mail (worn)
 b - a +0 shield
 m - a +0 pair of boots (worn)
 q - a +0 helmet (worn)
 t - a +2 leather armour of poison resistance
Magical Staves
 s - an uncursed staff of wizardry
Jewellery
 l - an uncursed ring of fire
Scrolls
 f - 2 scrolls of identify {unknown}
 j - a scroll of magic mapping {unknown}
 n - a scroll of remove curse {unknown}
 o - a scroll of noise {unknown}
 p - a scroll of enchant weapon {unknown}
 u - a scroll of teleportation {unknown}
Potions
 c - a potion of might
 e - a potion of degeneration {unknown}
 g - a potion of heal wounds {unknown}
 h - a potion of resistance
 i - a potion of haste
 v - a potion of berserk rage {unknown}
Comestibles
 d - 7 rations
 w - 3 chunks of flesh


   Skills:
 - Level 3.0 Fighting
 - Level 2.6 Armour
 - Level 2.6 Shields
 + Level 5.5 Unarmed Combat


You had 4 spell levels left.
You didn't know any spells.
Your spell library was empty.

Dungeon Overview and Level Annotations

Branches:
Dungeon (6/15)             Temple (1/1) D:5

Altars:
Ashenzari
Cheibriados
Dithmenos
Elyvilon
Hepliaklqana
Kikubaaqudgha
Makhleb
Nemelex Xobeh
Okawaru
Sif Muna
Trog
Uskayaw
Xom
Yredelemnul
Zin

Annotations:
D:4 Pikel


Innate Abilities, Weirdness & Mutations

You have sharp fingernails.
You have large cloven feet.


Message History

Cheibriados appreciates the change of pace.
The orc hits you with a whip.
* * * LOW HITPOINT WARNING * * *
You claw the orc!
You kill the orc!
Cheibriados thoroughly appreciates the change of pace.
Items here: )) [ † a whip; a ring mail; a flail; an orc corpse You butcher the orc corpse.
w - 3 chunks of flesh
Things that are here:
a whip; a ring mail; a flail
There is a stone staircase leading up here.
Found a stone staircase leading down.
Found 18 bolts.
An orc priest comes into view. It is wielding a whip.
The orc priest shouts!
The orc priest calls down the wrath of Beogh upon you.
Beogh smites you!
You die...

..# #.#.# ..# #.#.#
..# #.#.# #>#
#....## ### #.#
#.....# #.. #.#
#.#..# #.# #.#
#...# #>#
#.######..######.##
..##.........)<.@.#
.##.###..#.#####.#
#........# #.#
....###..######...
## #............
#.o######.o(## ##.#
##.## #.# ..# .o.
###


You could see an orc priest.

Vanquished Creatures
  A jelly (D:4)
  A centaur skeleton (D:4)
  A hound (D:4)
  An iguana (D:4)
  A worker ant (D:4)
  A hound skeleton (D:4)
  An adder (D:6)
  A howler monkey skeleton (D:4)
  A worm (D:4)
  A dart slug (D:4)
  3 leopard geckos
  8 orcs
  2 giant cockroaches (D:3)
  4 goblins
  2 hobgoblins
  7 jackals
  3 kobolds (D:3)
  A frilled lizard (D:3)
  A quokka skeleton (D:6)
  3 rats
44 creatures vanquished.

Notes
Turn   | Place    | Note
-------+----------+-------------------------------------------
     0 | D:1      | letownia2 the Demonspawn Fighter began the quest for the Orb.
     0 | D:1      | Reached XP level 1. HP: 18/18 MP: 1/1
    46 | D:1      | Reached skill level 2 in Unarmed Combat
   108 | D:2      | Gained mutation: You have sharp fingernails. [demonic ancestry]
   108 | D:2      | Reached XP level 2. HP: 21/24 MP: 2/2
   271 | D:2      | Reached skill level 3 in Unarmed Combat
   434 | D:4      | Gained mutation: You have large cloven feet. [demonic ancestry]
   434 | D:4      | Reached XP level 3. HP: 25/29 MP: 3/3
   545 | D:3      | Found a shadowy altar of Dithmenos.
   567 | D:5      | Entered Level 5 of the Dungeon
   658 | D:4      | Reached skill level 4 in Unarmed Combat
   658 | D:4      | Reached XP level 4. HP: 30/35 MP: 4/4
   686 | D:4      | Found an ancient bone altar of Kikubaaqudgha.
   686 | D:4      | Found a deep blue altar of Sif Muna.
   744 | D:4      | Reached XP level 5. HP: 38/41 MP: 5/5
   757 | D:4      | Reached skill level 5 in Unarmed Combat
   776 | D:4      | Noticed a slave
   776 | D:4      | Noticed a slave
   777 | D:4      | Noticed Pikel
   778 | D:4      | Noticed a slave
   822 | D:5      | Found a staircase to the Ecumenical Temple.
   845 | Temple   | Entered the Ecumenical Temple
   876 | Temple   | Became a worshipper of Cheibriados the Contemplative
   972 | D:6      | Noticed a phantom
  1007 | D:6      | Noticed a black bear
  1291 | D:5      | Killed from afar by an orc priest

Skill      XL: |  1  2  3  4  5 |
---------------+----------------+-----
Unarmed Combat | 2 3 4 5 |  5.5
Fighting       | |  3.0
Armour         | |  2.6
Shields        | |  2.6

Action                   |  1- 3 |  4- 6 || total
-------------------------+-------+-------++-------
Melee: Unarmed           |    80 |    90 ||   170
       Punch             |     2 |     3 ||     5
Invok: Bend Time         |       |     2 ||     2
  Use: Potion            |     1 |     2 ||     3
  Eat: Chunk             |       |     2 ||     2
Armor: Scale mail        |    48 |    35 ||    83
Dodge: Dodged            |    42 |    43 ||    85
Block: Shield            |     1 |       ||     1
